 Dungeon Crawl Stone Soup version 0.31-a0-968-g24f9ace8b5 (webtiles) character file.

Game seed: 427694483251616332

3 Dirtsage the Ruffian (level 1, -1/13 HPs)
             Began as an Octopode Shapeshifter on Oct 27, 2023.
             Slain by a quokka (5 damage)
             ... on level 1 of the Dungeon.
             The game lasted 00:00:09 (35 turns).

Dirtsage the Ruffian (Octopode Shapeshifter)          Turns: 35, Time: 00:00:09

Health: -1/13      AC:  1    Str: 13    XL:     1   Next: 50%
Magic:  1/1        EV: 13    Int: 12    God:
Gold:   0          SH:  0    Dex: 11    Spells: 0/0 levels left

rFire   . .          .
                       - Unarmed
rCold   . . .        (no shield)
rNeg    . . .        (helmet currently unavailable)
rPois   .            (no amulet)
rElec   .            (no ring)
rCorr   .            (no ring)
SInv    .            (no ring)
Will    .....        (no ring)
Stlth   ++           (no ring)
HPRegen 0.22/turn    (no ring)
MPRegen 0.07/turn    (no ring)
                     (no ring)

%: no passive effects
@: beast-form
A: beast (slay +1), almost no armour, amphibious, 8 rings, camouflage 1,
gelatinous body 1, (nimble swimmer 1), tentacles
a: Begin Untransformation


You were on level 1 of the Dungeon.
You were a hulking beast.
You visited 1 branch of the dungeon, and saw 1 of its levels.

Inventory:

Talismans
 b - a beast talisman
 c - a flux talisman
Potions
 a - a potion of lignification


   Skills:
 + Level 1.1 Fighting
 - Level 2.0 Dodging
 * Level 3.1 Unarmed Combat
 * Level 3.0 Shapeshifting


You couldn't memorise any spells.
You didn't know any spells.
Your spell library was empty.

Dungeon Overview and Level Annotations

Branches:
Dungeon (1/15)

Altars:


Innate Abilities, Weirdness & Mutations

You are a hulking beast.
Your limbs bulge with bestial killing power. (Slay +1)
You cannot wear most types of armour.
You are amphibious.
You can wear up to eight rings at the same time.
Your skin changes colour to match your surroundings (Stealth+).
Your rubbery body absorbs attacks. (AC +1, EV +1)
((You are camouflaged when in or above water. (Stealth+)))
You have tentacles for arms and can constrict up to eight enemies at once.


Message History

You open the door.
A bat comes into view.
The bat hits you.
There is an open door here.
You take 1 damage, and have 12/13 hp.
You tentacle-slap the bat.
You kill the bat!
No target in view!
No target in view!
HP restored.
You open the door.
There is an open door here.
You open the door.
A dart slug comes into view.
Health restored: 13
There is an open door here.
A quokka comes into view.
You tentacle-slap the dart slug. You grab the dart slug.
The dart slug is moderately wounded.
You constrict the dart slug. The dart slug barely misses you.
The quokka bites you.
You take 2 damage, and have 11/13 hp.
You tentacle-slap the dart slug but do no damage.
The dart slug is heavily wounded.
You constrict the dart slug. The dart slug launches a dart at you.
The slug dart hits you. The quokka bites you.
You take 7 damage, and have 4/13 hp.
MASSIVE DAMAGE!!
You are too injured to fight recklessly!
You are too injured to fight recklessly!
You are too injured to fight recklessly!
You bludgeon the dart slug!
You kill the dart slug!
The quokka bites you but does no damage.
You barely miss the quokka. Your grab misses the quokka.
The quokka completely misses you.
You tentacle-slap the quokka. Your grab misses the quokka.
The quokka is heavily wounded.
The quokka bites you.
You die...

#.# #.# #.# # #.# #.
##### #.#
####.######...###.#
.........>........#
......†.####.###'##
#.#rh.+.....+†#
##..!..#'#.#'#####
.........'.#.#.....#
.##.#....#.#.#..<..#
# ##...#.###..>..#
....##.# #.....#
#.##.....# +.....# #
#.#.### #+##### ..


You could see a quokka.

Vanquished Creatures
  A dart slug (D:1)
  A bat (D:1)
2 creatures vanquished.

Notes
Turn   | Place    | Note
-------+----------+-------------------------------------------
     0 | D:1      | Dirtsage the Octopode Shapeshifter began the quest for the
                  | Orb.
     0 | D:1      | Reached XP level 1. HP: 13/13 MP: 1/1
    35 | D:1      | Slain by a quokka

Illustrated notes

Levels and vault maps discovered:
D:1:      shiori_arrival_maze, layout_loops_ring, minmay_pentomino_z2

Action                     || total
---------------------------++-------
  Melee: Unarmed           ||     6
         Constrict         ||     1
 Armour: Skin              ||     6
  Dodge: Dodged            ||     2

Table legend: (Time is in decaauts)
 A = Elapsed time spent in this place.
 B = Non-inter-level travel time spent in this place.
 C = Inter-level travel time spent in this place.
 D = Time resting spent in this place.
 E = Time spent auto-exploring this place.
 F = Levels seen in this place.
 G = Mean time per level.
                   A        B        C        D        E       F      G
               +--------+--------+--------+--------+--------+-----+--------+
         Total |     34 |     34 |      0 |      0 |     23 |   1 |   34.0 |
       Dungeon |     34 |     34 |      0 |      0 |     23 |   1 |   34.0 |
               +--------+--------+--------+--------+--------+-----+--------+

Top non-repeatable levels by time:
     D:1: 34 daAuts
